 Dungeon Crawl Stone Soup version 0.13-b1-32-g21a608e (webtiles) character file.

365 Lilouch the Covered (level 5, 0/42 HPs)
             Began as a Mummy Fighter on Oct 6, 2013.
             Slain by an orc priest
             ... wielding a +2,+2 orcish mace of protection
              (2 damage)
             ... on Level 2 of the Dungeon.
             The game lasted 00:21:08 (11243 turns).

Lilouch the Covered (Mummy Fighter)                Turns: 11243, Time: 00:21:08

HP   0/42        AC 15     Str 20      XL: 5   Next: 84%
MP   4/4         EV  2     Int  7      God:
Gold 119         SH 18     Dex 11      Spells:  0 memorised,  4 levels left

Res.Fire  : x . .   See Invis. : .   a - +0 hand axe {=f}
Res.Cold  : + . .   Warding    : .   j - +0 plate armour (curse)
Life Prot.: + + +   Conserve   : .   c - +0 shield
Res.Poison: +       Res.Corr.  : .   l - +0 helmet
Res.Elec. : .       Clarity    : .   w - +0 cloak
Sust.Abil.: . .     Spirit.Shd : .   (no gloves)
Res.Mut.  : .       Stasis     : .   g - +0 pair of boots
Res.Rott. : +       Flight     : .   (no amulet)
Saprovore : . . .                    (no ring)
                                     (no ring)

@: slightly resistant to hostile enchantments, extremely unstealthy
A: no food or potions, fire vulnerability, restore body, cold resistance 1, life
protection 3, poison resistance, torment resistance, unbreathing
a: no special abilities


You were on level 2 of the Dungeon.
You were not hungry.

You visited 1 branch of the dungeon, and saw 3 of its levels.

You collected 99 gold pieces.

Inventory:

Hand weapons
 a - a +0,+0 hand axe (weapon) {=f}
 i - a +0,+0 whip
 t - a +0,+0 halberd
 y - a +0,+0 flail
 z - a +0,+0 spear
 A - a +2,+1 spear
 B - a +0,+0 spear
 C - a +0,+0 dwarven morningstar
 D - a +0,+0 sabre
 L - a +2,+3 orcish falchion
Missiles
 k - 56 sling bullets
 n - 34 arrows
 o - 15 poisoned needles
 s - 43 darts (quivered)
 F - 42 stones
Armour
 b - a +0 scale mail
 c - a +0 shield (worn)
 g - a +0 pair of boots (worn)
 j - a cursed +0 plate armour (worn)
 l - a +0 helmet (worn)
 w - a +0 cloak (worn)
Magical devices
 q - a wand of frost (11) {unknown}
Comestibles
 f - 3 bread rations
 u - 2 pears
 E - an orange
 G - a lemon
Scrolls
 d - 2 scrolls of blinking {unknown}
 e - 2 scrolls of identify {unknown}
 m - a scroll of enchant weapon I {unknown}
 v - a scroll of curse weapon {unknown}
 x - a scroll of teleportation {unknown}
 K - a scroll of remove curse {unknown}
Jewellery
 p - a +3 ring of dexterity {unknown}
 r - a +2 ring of protection {unknown}
Potions
 h - a potion of confusion {unknown}
 H - a potion of magic {unknown}
 I - a potion of speed {unknown}
 J - a potion of flight {unknown}


   Skills:
 + Level 3.5 Fighting
 + Level 2.4 Axes
 + Level 3.8 Armour
 + Level 1.5 Dodging
 + Level 0.1 Stealth
 + Level 3.2 Shields


You had 4 spell levels left.
You didn't know any spells.

Dungeon Overview and Level Annotations

Branches:
Dungeon (3/27)

Altars:


Innate Abilities, Weirdness & Mutations

You do not eat or drink.
Your flesh is vulnerable to fire.
Your flesh is cold resistant.
You are immune to negative energy.
Your system is resistant to poisons.
You are immune to unholy pain and torment.
You can survive without breathing.


Message History

You hit the orc priest.
The orc priest is moderately wounded.
The orc priest hits you but does no damage.
You hit the orc priest.
The orc priest is heavily wounded.
You block the orc priest's attack.
You closely miss the orc priest.
The orc priest is heavily wounded.
The orc priest mumbles some strange prayers to Beogh against you.
Something smites you!
* * * LOW HITPOINT WARNING * * *
You hit the orc priest but do no damage.
The orc priest is heavily wounded.
The orc priest hits you but does no damage.
You hit the orc priest.
The orc priest is severely wounded.
The orc priest hits you with a runed orcish mace.
* * * LOW HITPOINT WARNING * * *
The orc priest hits you with a runed orcish mace.
You die...

≈≈≈≈≈≈## #....# ≈≈≈≈≈≈#
#....#
≈≈≈≈≈######....####
######...##.......#
.........##..).##.#
.........##.......#######
.........##.............#
.####....##.)..)o.......#
.........'.....%@.......#
#####....######..<......#
#####....# #..........#
....#....# #..........#
....#....# #.##########
....#....# #...#
....#....#######'####
....#....#..........#
....#....#........<.#


You could see an orc priest.

Vanquished Creatures
  An ice beast (D:2)
  5 gnolls
  An adder (D:3)
  A worm (D:2)
  5 giant geckos
  3 oozes
  3 orcs
  3 ball pythons
  10 bats
  6 giant cockroaches
  13 goblins
  13 hobgoblins
  3 jackals (D:2)
  3 giant newts
  6 kobolds
  11 rats
87 creatures vanquished.

Notes
Turn   | Place    | Note
--------------------------------------------------------------
     0 | D:1      | Lilouch, the Mummy Fighter, began the quest for the Orb.
     0 | D:1      | Reached XP level 1. HP: 18/18 MP: 0/0
   237 | D:1      | Reached XP level 2. HP: 24/24 MP: 1/1
  2618 | D:1      | Reached XP level 3. HP: 18/30 MP: 2/2
  6289 | D:1      | Reached XP level 4. HP: 36/36 MP: 3/3
  6721 | D:1      | Noticed a mottled dragon
  7150 | D:2      | Reached skill level 1 in Dodging
  8161 | D:3      | Noticed an ice beast
  8239 | D:2      | Killed an ice beast
  8239 | D:2      | Reached XP level 5. HP: 21/42 MP: 4/4
 11243 | D:2      | HP: 2/42 [orc priest/runed orcish mace (4)]
 11243 | D:2      | Slain by an orc priest

Action                   |  1- 3 |  4- 6 || total
-------------------------+-------+-------++-------
Melee: Hand axe          |   195 |   206 ||   401
